 Dungeon Crawl Stone Soup version 0.26-a0-466-g989023bd0d (webtiles) character file.

Game seed: 12167727054944981071

33359 vurker the Frost Mage (level 13, -10/92 HPs)
             Began as an Octopode Ice Elementalist on Aug 5, 2020.
             Was an Elder of Vehumet.
             Mangled by a death yak (29 damage)
             ... on level 6 of the Lair of Beasts.
             The game lasted 00:32:31 (24288 turns).

vurker the Frost Mage (Octopode Ice Elementalist)  Turns: 24288, Time: 00:32:31

Health: -10/92     AC:  1    Str:  9    XL:     13   Next: 70%
Magic:  29/29      EV: 17    Int: 21    God:    Vehumet [****..]
Gold:   1246       SH:  5    Dex: 12    Spells: 25/37 levels left

rFire    . . .     SeeInvis .   r - staff of cold
rCold    + . .     Faith    .   k - +0 buckler
rNeg     . . .     Spirit   .   (helmet restricted)
rPois    +         Reflect  .   (no amulet)
rElec    .         Harm     .   f - +4 ring of evasion
rCorr    .                      m - +4 ring of slaying
MR       +....                  e - ring of poison resistance
Stlth    +++.......             x - ring of protection from magic
HPRegen  0.25/turn              (no ring)
MPRegen  0.21/turn              (no ring)
                                (no ring)
                                (no ring)

@: no status effects
A: almost no armour, stealthy swim, amphibious, 8 rings, constrict 8, camouflage
1, gelatinous body 1
a: Renounce Religion


You were on level 6 of the Lair of Beasts.
You worshipped Vehumet.
Vehumet was greatly pleased with you.
You visited 3 branches of the dungeon, and saw 18 of its levels.
You also visited: Ice Cave.

You collected 1246 gold pieces.

Inventory:

Hand Weapons
 h - a +2 dagger of holy wrath
   (You took it off a goblin on level 2 of the Dungeon)
Armour
 k - a +0 buckler (worn)
   (You found it on level 10 of the Dungeon)
Magical Staves
 r - an uncursed staff of cold (weapon)
   (You acquired it on level 1 of the Lair of Beasts)
 y - an uncursed staff of wizardry
   (You found it on level 10 of the Dungeon)
 E - an uncursed staff of earth
   (You found it on level 5 of the Lair of Beasts)
Jewellery
 e - a ring of poison resistance (on tentacle)
   (You found it on level 7 of the Dungeon)
 f - a +4 ring of evasion (left tentacle)
   (You found it on level 2 of the Dungeon)
 m - a +4 ring of slaying (right tentacle)
   (You found it on level 3 of the Dungeon)
 x - a ring of protection from magic (on tentacle)
   (You found it on level 10 of the Dungeon)
Wands
 c - a wand of disintegration (3)
   (You found it on level 3 of the Lair of Beasts)
 d - a wand of iceblast (10)
   (You found it on level 2 of the Lair of Beasts)
 i - a wand of polymorph (10)
   (You took it off an orc on level 9 of the Dungeon)
 z - a wand of enslavement (7)
   (You found it on level 2 of the Lair of Beasts)
 A - a wand of clouds (7)
   (You found it on level 4 of the Lair of Beasts)
Scrolls
 a - 4 scrolls of amnesia
 b - 6 scrolls of remove curse
 n - 6 scrolls of immolation
 p - 6 scrolls of magic mapping
 q - a scroll of summoning
 t - 5 scrolls of enchant armour
 v - 10 scrolls of teleportation
 w - 2 scrolls of fog
 B - 3 scrolls of identify
 C - a scroll of enchant weapon
 D - a scroll of blinking
 F - a scroll of vulnerability
Potions
 g - 3 potions of haste
 j - 2 potions of flight
 l - 4 potions of brilliance
 o - a potion of cancellation
 s - 7 potions of curing
 u - 3 potions of lignification


   Skills:
 + Level 10.0 Fighting
 - Level 2.0 Dodging
 - Level 2.6 Stealth
 - Level 4.0 Shields
 * Level 12.8 Spellcasting
 - Level 3.0 Conjurations
 - Level 3.0 Summonings
 * Level 14.2 Ice Magic


You had 25 spell levels left.
You knew the following spells:

 Your Spells              Type           Power        Failure   Level
a - Freeze                Ice            ####         0%          1
b - Frozen Ramparts       Ice            ######       1%          3
c - Hailstorm             Conj/Ice       ######..     1%          4
d - Summon Ice Beast      Ice/Summ       ######..     1%          4

Your spell library contained the following spells:

 Spells                   Type           Power        Failure   Level
 Iskenderun's Mystic Bla  Conj/Tloc      ###.....     7%          4
 Ozocubu's Armour         Ice            #######.     1%          3
 Metabolic Englaciation   Hex/Ice        ######....   8%          5
 Confusing Touch          Hex            ##......     14%         3
 Gell's Gravitas          Tloc           ##........   14%         3
 Yara's Violent Unravell  Hex/Tmut       ##........   32%         5
 Cause Fear               Hex            ##........   43%         4
 Petrify                  Tmut/Erth      ##......     43%         4
 Silence                  Hex/Air        ##........   80%         5
 Discord                  Hex            ##........   100%        8


Dungeon Overview and Level Annotations

Branches:
Dungeon (11/15)            Temple (1/1) D:5            Lair (6/6) D:10
  Swamp (0/4) Lair:4        Snake (0/4) Lair:4          Orc (0/2) D:9
  IceCv (visited)
  Slime: Lair:5-6

Altars:
Ashenzari
Cheibriados
Dithmenos
Elyvilon
Fedhas
Gozag
Hepliaklqana
Kikubaaqudgha
Makhleb
Nemelex Xobeh
Okawaru
Qazlal
Ru
Sif Muna
Trog
Uskayaw
Vehumet
Wu Jian
Xom
Yredelemnul
Zin
The Shining One

Shops:
D:9 ([


Innate Abilities, Weirdness & Mutations

You cannot wear most types of armour.
You are very stealthy in the water. (Stealth+)
You are amphibious.
You can wear up to eight rings at the same time.
You can use your tentacles to constrict eight enemies at once.
Your skin changes colour to match your surroundings (Stealth+).
Your rubbery body absorbs attacks. (AC +1, EV +1)


Message History

The walls around you are covered in ice.
The wall freezes the death yak.
You feel a surge of power! A chill wind blows around you.
The wall freezes the death yak!
The wall freezes the death yak.
The death yak closely misses you.
The wall freezes the death yak!
The wall freezes the death yak.
The wall freezes the death yak.
You feel a surge of power! A chill wind blows around you.
The wall freezes the death yak!
The death yak gores you.
The wall freezes the death yak.
The wall freezes the death yak.
The death yak gores you!!
* * * LOW HITPOINT WARNING * * *
The wall freezes the death yak.
The death yak gores you!
* * * LOW HITPOINT WARNING * * *
Your ice beast hits the death yak but does no damage.
You swap places.
The wall freezes the death yak.
The death yak gores your ice beast! Something gores your ice beast!!
Your ice beast hits the death yak.
The death yak dies!
Vehumet accepts your kill.
The wall freezes the death yak!
The death yak gores your ice beast!!
Your ice beast dies!
Your ice beast hits the death yak but does no damage.
You feel a surge of power!
A cannonade of hail descends around you!
Your ice beast is unaffected.
The hail pelts the death yak!!
The wall freezes the death yak!
You kill the death yak!
Vehumet accepts your kill.
You feel your power returning.
The frozen ramparts melt away.
There is a stone staircase leading down here.
You start resting.
Your ice beast disappears in a puff of smoke!
You start resting.
You climb downwards.
You feel an oppressive heat about you.
There is an entrance to a volcano on this level.
Hurry and find it before the entrance collapses!
You hear the quick rumble of a distant avalanche of rocks.
The wolf misses you. The wolf bites you. The death yak gores you!!
The death yak gores you. The death yak gores you! The wolf bites you!
You block the wolf's attack. The death yak completely misses you.
The death yak closely misses you. The death yak gores you!!
* * * LOW HITPOINT WARNING * * *
The wolf howls!
There is a stone staircase leading up, spattered with blood here.
The wolf closely misses you. The wolf bites you.
* * * LOW HITPOINT WARNING * * *
The wolf misses you. The death yak gores you!!
You die...

#.#.##.
....#..
##.......
#........
#........
##........
##Y.Y......
#.Y@h......
##.hkh.....
#..........
##.........
..........
##.........
..........
#.........


You could see 3 death yaks, a lindwurm and 3 wolves.

Vanquished Creatures
  Nessos (Lair:5)
  2 hydras
  A catoblepas (Lair:5)
  2 death yaks (Lair:5)
  3 oklob plants (Lair:5)
  A deep elf mage (D:11)
  3 black mambas (Lair:5)
  A gargoyle (D:10)
  4 cane toads
  5 komodo dragons
  A slime creature (D:11)
  13 hippogriffs
  10 blink frogs
  Sigmund (D:6)
  A basilisk (Lair:5)
  35 yaks
  Grum (D:11)
  Menkaure (D:6)
  3 nagas (Lair:4)
  A soldier ant (D:11)
  8 water moccasins
  2 sky beasts
  10 porcupines
  2 ogres
  7 orc warriors
  2 ice beasts
  A phantom (D:11)
  23 wolves
  6 centaurs
  6 crocodiles
  3 big kobolds
  15 bullfrogs
  A water moccasin zombie (D:7)
  2 scorpions
  11 killer bees
  3 wights (D:5)
  2 electric eels
  A howler monkey (D:5)
  A bullfrog zombie (D:10)
  A jelly (D:10)
  6 orc priests
  A bullfrog skeleton (D:7)
  4 iguanas
  Natasha (thrice) (D:2)
  8 orc wizards
  4 worker ants
  Terence (D:2)
  2 hound zombies
  2 worker ant zombies
  2 howler monkey skeletons
  A howler monkey zombie (D:7)
  10 gnolls
  14 adders
  A shadow imp (D:10)
  8 white imps
  3 ufetubi
  An ooze (D:5)
  An adder zombie (D:5)
  4 worms
  A dart slug (D:2)
  2 leopard geckos
  51 orcs
  A ball python (D:3)
  4 giant cockroaches
  15 goblins
  6 hobgoblins
  8 jackals
  2 quokkas
  7 bats
  3 frilled lizards
  A jackal zombie (D:7)
  19 kobolds
  2 quokka zombies (D:5)
  3 rats
  7 fungi
  8 plants
413 creatures vanquished.

Vanquished Creatures (collateral kills)
  2 hydras (Lair:5)
  A two-headed ogre (D:9)
  A death yak (Lair:5)
  An oklob plant (Lair:5)
  An elephant (Lair:5)
  Joseph (D:8)
  A komodo dragon (Lair:3)
  2 slime creatures (D:11)
  A hornet (D:11)
  2 hippogriffs
  3 blink frogs (Lair:5)
  A wraith (D:11)
  7 yaks
  A water moccasin (D:9)
  An orc warrior (D:9)
  An ice beast (D:8)
  2 ogres
  A wolf (Lair:5)
  A bullfrog (Lair:3)
  3 killer bees
  A hound (D:10)
  Crazy Yiuf (D:6)
  A statue (D:7)
  An ufetubus (IceCv)
  A leopard gecko (D:11)
39 creatures vanquished.

Vanquished Creatures (others)
  3 white imps (IceCv)
  6 ufetubi (IceCv)
  A fungus (Lair:3)
10 creatures vanquished.

Grand Total: 462 creatures vanquished

Notes
Turn   | Place    | Note
-------+----------+-------------------------------------------
     0 | D:1      | vurker the Octopode Ice Elementalist began the quest for
                  | the Orb.
     0 | D:1      | Reached XP level 1. HP: 11/11 MP: 3/3
   456 | D:1      | Reached XP level 2. HP: 13/18 MP: 0/5
  1451 | D:2      | Reached skill level 1 in Fighting
  1451 | D:2      | Reached XP level 3. HP: 20/23 MP: 2/6
  1496 | D:1      | Learned a level 3 spell: Frozen Ramparts
  1812 | D:2      | Noticed Terence
  1823 | D:2      | Killed Terence
  1823 | D:2      | Reached XP level 4. HP: 26/28 MP: 4/8
  2022 | D:2      | Reached skill level 5 in Ice Magic
  2022 | D:2      | Reached XP level 5. HP: 34/34 MP: 3/9
  2270 | D:2      | Noticed Natasha
  2282 | D:2      | Killed Natasha
  2646 | D:2      | Noticed Natasha
  2653 | D:2      | Killed Natasha
  2737 | D:2      | Noticed Natasha
  2916 | D:2      | Killed Natasha
  2916 | D:2      | Reached XP level 6. HP: 39/39 MP: 6/11
  2976 | D:2      | Learned a level 4 spell: Hailstorm
  2981 | D:2      | Learned a level 4 spell: Summon Ice Beast
  3250 | D:3      | Found a glowing silver altar of Zin.
  3880 | D:4      | Found a shadowy altar of Dithmenos.
  4055 | D:4      | Reached skill level 1 in Conjurations
  4055 | D:4      | Reached skill level 1 in Summonings
  4373 | D:4      | Identified the +5 quarterstaff "Sohun" {venom, Dex+2
                  | Stlth+}
  4749 | D:5      | Entered Level 5 of the Dungeon
  4877 | D:5      | Reached XP level 7. HP: 39/45 MP: 7/13
  4948 | D:5      | Reached skill level 6 in Ice Magic
  5518 | D:5      | Reached XP level 8. HP: 52/52 MP: 10/15
  5691 | D:5      | Found a staircase to the Ecumenical Temple.
  5712 | Temple   | Entered the Ecumenical Temple
  6241 | D:5      | Reached skill level 5 in Spellcasting
  6357 | D:5      | Found a stormy altar of Qazlal.
  6487 | D:6      | Noticed Sigmund
  6495 | D:6      | Killed Sigmund
  6495 | D:6      | Reached skill level 7 in Ice Magic
  6713 | D:6      | Noticed a hippogriff
  6721 | D:6      | Killed a hippogriff
  6815 | D:6      | Identified the +6 scale mail "Guruebro" {rElec Int+3}
  6985 | D:6      | Noticed Menkaure
  6993 | D:6      | Killed Menkaure
  6993 | D:6      | Reached XP level 9. HP: 58/58 MP: 16/18
  7132 | D:6      | Found a shadowy altar of Dithmenos.
  7151 | D:6      | Found a snail-covered altar of Cheibriados.
  7168 | D:6      | Found a runed translucent door.
  7169 | D:6      | Noticed Crazy Yiuf
  7626 | D:6      | Killed Crazy Yiuf
  7762 | D:7      | Found a white marble altar of Elyvilon.
  7946 | D:7      | Reached skill level 8 in Ice Magic
  8134 | D:7      | Found a radiant altar of Vehumet.
  8156 | D:7      | Became a worshipper of Vehumet
  8780 | D:7      | Reached skill level 5 in Fighting
  8784 | D:7      | HP: 1/61 [centaur (7)]
  9405 | D:8      | Found a shattered altar of Ashenzari.
  9407 | D:8      | Found a hide-covered altar of Uskayaw.
  9407 | D:8      | Found an ancient bone altar of Kikubaaqudgha.
  9581 | D:8      | Reached skill level 9 in Ice Magic
  9780 | D:8      | Noticed Joseph
 10325 | D:8      | Reached * piety under Vehumet
 10325 | D:8      | Offered knowledge of Sandblast by Vehumet.
 10498 | D:8      | Reached XP level 10. HP: 8/66 MP: 16/21
 10498 | D:8      | Killed Joseph
 10980 | D:9      | Found Inovvudd's Armour Shoppe.
 10999 | D:9      | Found a staircase to the Orcish Mines.
 11313 | D:9      | Found Heuc Jir's Weapon Shoppe.
 11683 | D:9      | Noticed a two-headed ogre
 11689 | D:9      | Killed a two-headed ogre
 11689 | D:9      | Reached skill level 10 in Ice Magic
 11899 | D:9      | Reached ** piety under Vehumet
 11899 | D:9      | Offered knowledge of Magic Dart by Vehumet.
 12574 | D:10     | Entered Level 10 of the Dungeon
 12595 | D:10     | Reached XP level 11. HP: 70/74 MP: 13/24
 12690 | D:10     | Found a staircase to the Lair.
 12719 | D:10     | Offered knowledge of Static Discharge by Vehumet.
 13153 | D:10     | Reached skill level 1 in Shields
 13153 | D:10     | Reached skill level 11 in Ice Magic
 13153 | D:10     | Reached *** piety under Vehumet
 13525 | D:11     | Found a frozen archway.
 13550 | IceCv    | Entered an ice cave
 13646 | IceCv    | Offered knowledge of Ignite Poison by Vehumet.
 14232 | D:11     | Noticed a four-headed hydra
 14240 | D:11     | Killed a four-headed hydra
 14606 | D:11     | Reached skill level 10 in Spellcasting
 14675 | D:11     | Noticed Grum
 14679 | D:11     | Killed Grum
 15342 | D:11     | Noticed a deep elf mage
 15470 | D:11     | Killed a deep elf mage
 15496 | Lair:1   | Entered Level 1 of the Lair of Beasts
 15973 | Lair:1   | Identified a scroll of acquirement
 15973 | Lair:1   | Acquired an uncursed staff of cold
 16700 | Lair:2   | Reached XP level 12. HP: 82/82 MP: 4/26
 16708 | Lair:2   | Reached **** piety under Vehumet
 17099 | Lair:2   | Reached skill level 12 in Ice Magic
 17225 | Lair:2   | Offered knowledge of Stone Arrow by Vehumet.
 18129 | Lair:3   | Noticed a five-headed hydra
 18136 | Lair:3   | Killed a five-headed hydra
 19747 | Lair:4   | Found a staircase to the Snake Pit.
 19753 | Lair:4   | Reached skill level 13 in Ice Magic
 20059 | Lair:4   | Reached ***** piety under Vehumet
 20098 | Lair:4   | Found a staircase to the Swamp.
 20747 | Lair:5   | Reached XP level 13. HP: 60/90 MP: 9/28
 21059 | Lair:5   | Offered knowledge of Iskenderun's Mystic Blast by Vehumet.
 21624 | Lair:5   | Noticed Nessos
 23379 | Lair:5   | Killed Nessos
 23379 | Lair:5   | Reached skill level 14 in Ice Magic
 23666 | Lair:6   | Entered Level 6 of the Lair of Beasts
 23910 | Lair:5   | Reached skill level 10 in Fighting
 24288 | Lair:6   | Mangled by a death yak

Illustrated notes

Levels and vault maps discovered:
D:1:      kennysheep_arrival_seaside, layout_basic
D:2:      layout_rooms, uniq_terence, uniq_natasha
D:3:      wander_river, layout_basic, zin_academy, minmay_between
D:4:      layout_basic, nicolae_dithmenos_through_a_glass_darkly
D:5:      layout_loops_ring, kennysheep_mini, minmay_temple_entry_proselytizer
D:6:      layout_basic, overflow_temple_1_default, lemuel_crystal_altar,
          uniq_crazy_yiuf_cottage, uniq_menkaure, uniq_sigmund
D:7:      layout_basic, vehumet_statue, elyvilon_altar_5, minivault_1,
          minmay_unpleasant_kobolds
D:8:      layout_basic, grunt_temple_overflow_open, uniq_joseph
D:9:      layout_roguey, orc_david_3, serial_curves, eino_curves_01,
          eino_curves_02
D:10:     layout_basic, lair_entry_dummy
D:11:     layout_irregular_city, portal_ice_cave_entry_pillars_1, uniq_grum
Temple:   nicolae_temple_figure_eight
Lair:1:   layout_regular_city, serial_bayou_pond_a, serial_bayou_shore_a,
          grunt_megastairs_4
Lair:2:   layout_chaotic_city
Lair:3:   layout_long_grid, grunt_megastairs_3
Lair:4:   layout_roguey, minmay_swamp_entry_worms,
          minmay_snake_entry_guardpost_small, nicolae_quartered_pool_little
Lair:5:   layout_gridlike, infiniplex_staircase_pool, grunt_megastairs_5,
          serial_bayou_shore_b, minmay_lair_oklob_chamber, uniq_nessos
Lair:6:   guppyfry_lair_end_dragon, layout_gridlike,
          hangedman_lair_tendril_chambers, slime_altar_1,
          nicolae_volcano_entry_hallway, grunt_forest_large_clearing_hut

Skill      XL: |  1  2  3  4  5  6  7  8  9 10 11 12 13 |
---------------+----------------------------------------+-----
Fighting       | 1 2 3 4 5 6 8 9 10 | 10.0
Spellcasting   | 3 4 6 7 9 10 11 12 | 12.8
Ice Magic      | 5 6 7 9 10 11 13 14 | 14.2
Conjurations   | 1 2 3 |  3.0
Summonings     | 1 2 3 |  3.0
Shields        | 4 |  4.0
Dodging        | |  2.0
Stealth        | |  2.6

Action                   |  1- 3 |  4- 6 |  7- 9 | 10-12 | 13-15 || total
-------------------------+-------+-------+-------+-------+-------++-------
Melee: Short sword       |    35 |       |       |       |       ||    35
       Unarmed           |     6 |       |       |       |       ||     6
       Constrict         |    10 |    11 |    19 |     8 |     2 ||    50
       Tentacles         |     6 |     1 |     9 |     9 |     1 ||    26
       Dagger            |       |    38 |    62 |    55 |       ||   155
       Quarterstaff      |       |       |     9 |       |       ||     9
       Staff             |       |       |       |     4 |     3 ||     7
 Cast: Freeze            |    24 |    46 |    40 |    88 |    31 ||   229
       Frozen Ramparts   |     2 |    16 |    37 |    41 |     6 ||   102
       Summon Ice Beast  |       |       |    17 |    55 |    28 ||   100
       Hailstorm         |       |       |    27 |   157 |    59 ||   243
  Use: Scroll            |       |    13 |     5 |     8 |     3 ||    29
       Potion            |       |       |     2 |       |       ||     2
 Stab: Sleeping          |     5 |     5 |     2 |     2 |       ||    14
       Distracted        |       |       |       |     1 |       ||     1
Armor: Skin              |     9 |     3 |     1 |    11 |     2 ||    26
Dodge: Dodged            |    57 |    60 |    92 |   125 |    42 ||   376
Block: Buckler           |       |       |       |    16 |    11 ||    27

Table legend: (Time is in decaauts)
 A = Elapsed time spent in this place.
 B = Non-inter-level travel time spent in this place.
 C = Inter-level travel time spent in this place.
 D = Time resting spent in this place.
 E = Time spent auto-exploring this place.
 F = Levels seen in this place.
 G = Mean time per level.
                   A        B        C        D        E       F      G
               +--------+--------+--------+--------+--------+-----+--------+
         Total |  24317 |  23516 |    801 |   1457 |  19240 |  19 | 1279.8 |
       Dungeon |  15126 |  14654 |    472 |    398 |  12349 |  11 | 1375.1 |
        Temple |    189 |    181 |      8 |      0 |    180 |   1 |  189.0 |
          Lair |   8796 |   8476 |    320 |   1059 |   6545 |   6 | 1466.0 |
      Ice Cave |    204 |    204 |      0 |      0 |    166 |   1 |  204.0 |
               +--------+--------+--------+--------+--------+-----+--------+

Top non-repeatable levels by time:
  Lair:5: 3247 daAuts
     D:7: 1905 daAuts
    D:11: 1636 daAuts
     D:2: 1541 daAuts
  Lair:4: 1490 daAuts
     D:8: 1475 daAuts
  Lair:3: 1463 daAuts
     D:1: 1452 daAuts
     D:9: 1452 daAuts
     D:5: 1407 daAuts
  Lair:2: 1400 daAuts
     D:6: 1272 daAuts
  Lair:1: 1174 daAuts
    D:10: 1081 daAuts
     D:4: 1037 daAuts
